Map: [ESL] Site Delta

Players

Arrogfire

  • Race: Protoss Protoss
  • Spawn Location: 5:00

MaNa - Winner!

  • Race: Protoss Protoss
  • Spawn Location: 11:00

Event: ESL SC2 Masters 2023 Winter (Regional)

VOD

Have the link to the VOD?

Description

Time

  • Played on: Nov. 3, 2023, 11:47 a.m.
  • Length: 9:04

All games in this series

Show
View Real Time Build Order
Export as new Build Order

Arrogfire Protoss 

Build Orders: Blink Stalkers 

Get SALT Encoding   

  12  0:00  Probe  
  13  0:12  Probe  
  14  0:17  Pylon  
  14  0:24  Probe (Chrono Boost)  
  15  0:35  Gateway  
  15  0:36  Probe (Chrono Boost)  
  16  0:43  Probe (Chrono Boost)  
  16  0:45  Assimilator  
  17  0:51  Probe  
  17  0:53  Assimilator  
  18  1:03  Probe  
  19  1:08  Gateway  
  19  1:15  Probe  
  20  1:23  Cybernetics Core  
  20  1:27  Probe  
  21  1:39  Probe  
  22  1:42  Pylon  
  22  1:51  Probe  
  23  1:55  Warp Gate (Chrono Boost)  
  23  2:00  Robotics Facility  
  23  2:02  Stalker  
  25  2:11  Stalker  
  27  2:29  Twilight Council  
  27  2:31  Gateway  
  27  2:38  Stalker  
  29  2:54  Warp Prism  
  31  3:00  Pylon  
  31  3:06  Blink (Chrono Boost)  
  30  3:29  Stalker x2  
  34  3:34  Stalker  
  36  3:42  Pylon  
  36  4:03  Stalker  
  36  4:04  Stalker  
  36  4:05  Stalker  
  40  4:16  Stalker  
  46  4:31  Stalker x2  
  46  4:32  Pylon  
  46  4:51  Stalker  
  48  4:56  Stalker x2  
  46  5:02  Stalker x2  
  50  5:24  Stalker  
  50  5:26  Stalker  
  50  5:27  Pylon  
  52  5:47  Stalker  
  52  5:48  Stalker  
  52  5:49  Stalker  
  52  6:16  Stalker x3  
  58  6:26  Pylon  
  58  6:39  Stalker x2  
  60  6:41  Stalker  
  54  6:59  Stalker  
  56  7:02  Stalker  
  56  7:04  Stalker  
  54  7:25  Stalker  
  54  7:26  Stalker  
  58  7:32  Stalker  
  46  7:58  Stalker x2  
  46  7:59  Stalker  
  50  8:22  Stalker x2, Adept  
Show
View Real Time Build Order
Export as new Build Order

MaNa Protoss - Winner!

Build Orders: Oracle Opening 

Get SALT Encoding   

  12  0:00  Probe  
  13  0:12  Probe  
  14  0:20  Pylon  
  14  0:24  Probe  
  15  0:38  Gateway, Probe (Chrono Boost)  
  16  0:46  Probe (Chrono Boost)  
  16  0:47  Assimilator  
  17  0:52  Probe (Chrono Boost)  
  18  1:05  Assimilator, Probe (Chrono Boost)  
  18  1:09  Pylon  
  19  1:13  Probe (Chrono Boost)  
  20  1:19  Probe  
  21  1:29  Cybernetics Core  
  21  1:31  Probe  
  22  1:43  Probe  
  23  1:55  Probe  
  24  2:06  Stargate  
  24  2:12  Nexus  
  24  2:21  Robotics Facility  
  24  2:29  Stalker  
  26  2:36  Shield Battery  
  26  2:38  Shield Battery  
  26  2:43  Probe  
  27  2:48  Oracle (Chrono Boost)  
  30  2:58  Pylon  
  30  3:13  Immortal (Chrono Boost)  
  33  3:25  Probe  
  34  3:29  Probe  
  35  3:35  Shield Battery  
  35  3:42  Immortal (Chrono Boost)  
  39  3:54  Warp Gate, Probe x2  
  46  4:14  Warp Prism (Chrono Boost)  
  46  4:15  Void Ray  
  45  4:20  Probe  
  45  4:23  Probe  
  49  4:28  Shield Battery  
  49  4:43  Immortal  
  53  4:47  Pylon  
  53  4:56  Shield Battery  
  55  5:18  Probe  
  56  5:22  Immortal  
  56  5:24  Gateway  
  58  5:43  Void Ray  
  58  5:45  Probe x2  
  58  5:50  Gateway  
  58  5:54  Pylon  
  58  5:58  Probe  
  56  6:12  Probe  
  56  6:13  Warp Prism  
  56  6:15  Probe  
  60  6:20  Stalker  
  60  6:21  Twilight Council  
  60  6:24  Probe  
  63  6:26  Shield Battery  
  62  6:39  Probe x2  
  64  6:45  Stalker x2  
  68  6:49  Blink  
  66  6:57  Probe  
  66  6:58  Probe  
  66  6:59  Observer  
  66  7:01  Pylon  
  69  7:05  Pylon  
  63  7:19  Immortal (Chrono Boost), Stalker x2  
  67  7:37  Gateway  
  63  7:46  Stalker  
  63  7:47  Stalker  
  63  7:55  Immortal (Chrono Boost)  
  61  8:03  Probe x2  
  59  8:13  Stalker x2  
  59  8:15  Probe  
  59  8:16  Probe  
  64  8:28  Probe x2  
  70  8:40  Probe x2  
  72  8:46  Stalker x2  
Tags
 
Add a new tag
Caveats
  • Supply blocks, unpowered buildings, or Contaminate may cause inaccurate times.
  • Supply counts are checked every 10 seconds.